 Dungeon Crawl Stone Soup version 0.27.0-1-g7a089689b8 (webtiles) character file.

Game seed: 17497499775824047570

6 Sin92 the Skirmisher (level 1, -2/18 HPs)
             Began as a Demonspawn Fighter on Aug 11, 2021.
             Slain by a shadow imp (4 damage)
             ... summoned by Natasha
             ... on level 2 of the Dungeon.
             The game lasted 00:00:16 (174 turns).

Sin92 the Skirmisher (Demonspawn Fighter)            Turns: 174, Time: 00:00:16

Health: -2/18      AC:  6    Str: 16    XL:     1   Next: 75%
Magic:  1/1        EV:  6    Int:  9    God:
Gold:   0          SH:  8    Dex: 12    Spells: 0/0 levels left

rFire    . . .     SeeInvis .   a - +0 war axe
rCold    . . .     Faith    .   c - +0 kite shield
rNeg     . . .     Spirit   .   b - +0 scale mail
rPois    .         Reflect  .   (no helmet)
rElec    .         Harm     .   (no cloak)
rCorr    .         Rampage  .   (no gloves)
Will     .....                  (no boots)
Stlth    ..........             (no amulet)
HPRegen  0.06/turn              (no ring)
MPRegen  0.07/turn              (no ring)

@: no status effects
A: no striking features
a: no special abilities


You were on level 2 of the Dungeon.
You visited 1 branch of the dungeon, and saw 2 of its levels.

Inventory:

Hand Weapons
 a - a +0 war axe (weapon)
Armour
 b - a +0 scale mail (worn)
 c - a +0 kite shield (worn)
Scrolls
 e - a scroll of blinking {unknown}
Potions
 d - a potion of might


   Skills:
 + Level 3.0 Fighting
 * Level 2.0 Axes
 + Level 2.8 Armour
 + Level 0.2 Dodging
 + Level 2.7 Shields


You couldn't memorise any spells.
You didn't know any spells.
Your spell library was empty.

Dungeon Overview and Level Annotations

Branches:
Dungeon (1/15)

Altars:

Annotations:
D:2 Natasha


Message History

Unknown command.
There are monsters nearby!
You are too injured to fight recklessly!
You are too injured to fight recklessly!
Unknown command.
You are too injured to fight recklessly!
Unknown command.
You are too injured to fight recklessly!
You barely miss Natasha. You slash the white imp!
The white imp gestures at you. You block the puff of frost.
Natasha claws you but does no damage.
The white imp hits you but does no damage.
Natasha claws you but does no damage.
You hit Natasha.
Natasha is moderately wounded.
You barely miss the white imp. The white imp gestures at you.
The puff of frost misses you. Natasha claws you but does no damage.
The white imp gestures at you. The puff of frost hits you!
* * * LOW HITPOINT WARNING * * *
Unknown command.
Your shield prevents you from hitting Natasha.
Natasha is moderately wounded.
You hit the white imp.
You kill the white imp!
Natasha mumbles some strange words.
Natasha claws you but does no damage.
You barely miss Natasha.
Natasha is moderately wounded.
Your shield and scale mail prevent you from hitting the shadow imp.
Natasha howls an incantation.
Natasha shimmers violently.
Natasha claws you but does no damage. You block the shadow imp's attack.
Natasha casts a spell at you. You resist with significant effort.
You slash Natasha!
Natasha is almost dead.
You completely miss the shadow imp. The shadow imp hits you.
You die...

################
#............h.#
#.#####.. #@#
#.#####..#####5#
###...........##.#
.....†.##..##.##.#
.##.##.##..##.##.#
.##..............#
....##.######.####
.#### # #.## .....
#..#


You could see Natasha (resistant) and a shadow imp (summoned).

Vanquished Creatures
  A ball python (D:2)
  2 jackals (D:1)
  A quokka (D:1)
  A rat (D:2)
5 creatures vanquished.

Notes
Turn   | Place    | Note
-------+----------+-------------------------------------------
     0 | D:1      | Sin92 the Demonspawn Fighter began the quest for the Orb.
     0 | D:1      | Reached XP level 1. HP: 18/18 MP: 1/1
    88 | D:1      | You fall into a shaft and drop 1 floor!
   167 | D:2      | Noticed Natasha
   174 | D:2      | Slain by a shadow imp

Illustrated notes

Levels and vault maps discovered:
D:1:      dpeg_arrival_connections, layout_loops_ring,
          shapermc_ecumenical_altar_pompeii, minmay_misc_feat_tower
D:2:      layout_loops_cross, uniq_natasha

Skill      XL: |  1 |
---------------+----+-----
Axes           | 2 |  2.0
Fighting       | |  3.0
Armour         | |  2.8
Dodging        | |  0.2
Shields        | |  2.7

Action                   || total
-------------------------++-------
Melee: War axe           ||    19
Armor: Scale mail        ||    16
Dodge: Dodged            ||     5
Block: Kite shield       ||    10
